 Dungeon Crawl Stone Soup version 0.25.1-2-g60ff931df9 (webtiles) character file.

Game seed: 7527462268016647651

102 Tigers10182 the Magician (level 4, 0/31 HPs)
             Began as a Demonspawn Wizard on Dec 7, 2020.
             Slain by an orc
             ... wielding a +0 hand axe
              (8 damage)
             ... on level 3 of the Dungeon.
             The game lasted 00:09:39 (2799 turns).

Tigers10182 the Magician (Demonspawn Wizard)        Turns: 2799, Time: 00:09:39

Health: 0/31       AC:  4    Str:  8    XL:     4   Next: 49%
Magic:  4/9        EV: 12    Int: 20    God:
Gold:   56         SH:  0    Dex: 13    Spells: 5/10 levels left

rFire    . . .     SeeInvis .   g - +0 short sword
rCold    . . .     Gourm    .   (no shield)
rNeg     . . .     Faith    .   a - +1 robe
rPois    .         Spirit   .   b - +0 hat
rElec    .         Reflect  .   h - +0 cloak
rCorr    .         Harm     .   (no gloves)
MR       +....                  (no boots)
Stlth    +++.......             (no amulet)
HPRegen  0.10/turn              j - ring of protection from magic
MPRegen  0.11/turn              (no ring)

@: no status effects
A: horns 1, thin skeletal structure 1
a: no special abilities


You were on level 3 of the Dungeon.
You were hungry.

You visited 1 branch of the dungeon, and saw 3 of its levels.

You collected 56 gold pieces.

Inventory:

Hand Weapons
 g - a +0 short sword (weapon)
Armour
 a - a +1 robe (worn)
 b - a +0 hat (worn)
 f - a +0 robe
 h - a +0 cloak (worn)
Jewellery
 j - a ring of protection from magic (left hand)
Scrolls
 c - a scroll of remove curse {unknown}
 e - a scroll of fog
 i - a scroll of blinking
 m - a scroll of amnesia {unknown}
Potions
 k - a potion of haste {unknown}
Comestibles
 d - 3 rations


   Skills:
 + Level 0.8 Fighting
 + Level 1.5 Short Blades
 + Level 2.2 Dodging
 + Level 2.5 Stealth
 + Level 3.6 Spellcasting
 + Level 1.5 Conjurations
 + Level 1.0 Summonings
 + Level 0.9 Translocations


You had 5 spell levels left.
You knew the following spells:

 Your Spells              Type           Power        Failure   Level  Hunger
a - Magic Dart            Conj           #...         7%          1    None
b - Blink                 Tloc           N/A          14%         2    ##.....
c - Call Imp              Summ           #.......     13%         2    ##.....

Your spell library contained the following spells:

 Spells                   Type           Power        Failure   Level  Hunger
 Slow                     Hex            #.......     21%         2    ##.....
 Conjure Flame            Conj/Fire      #.......     28%         3    ###....
 Mephitic Cloud           Conj/Pois/Air  #.......     32%         3    ###....


Dungeon Overview and Level Annotations

Branches:
Dungeon (3/15)

Altars:


Innate Abilities, Weirdness & Mutations

You have a pair of small horns on your head.
You have a somewhat thin skeletal structure. (Dex +2, Stealth)


Message History

The orc is heavily wounded.
The orc hits you with a +0 short sword.
* * * LOW HITPOINT WARNING * * *
You hit the orc.
The orc is almost dead.
The orc barely misses you.
You hit the orc.
You kill the orc!
Casting: Magic Dart (safe; 7% risk of failure)
Confirm with . or Enter, or press ? or * to list all spells.
You blink.
The orc hits you but does no damage.
Casting: Blink (safe; 14% risk of failure)
Confirm with . or Enter, or press ? or * to list all spells.
Aiming: Magic Dart (safe; 7% risk of failure)
Press: ? - help, Shift-Dir - straight line, f - orc
Aim: an orc, wielding a +0 hand axe and wearing a +0 chain mail The magic dart hits the orc.
The orc is lightly wounded.
The orc hits you with a +0 hand axe!
You die...

..# #.# #.#
#.# #.# #.#
#.# #@# #o#
#.# #########
#.# #.......#
#.# #.###.###
...#
#.#####.###.#
....##
#..))...#...#
#....#
#########.###
#....# #.#


You could see an orc.

Vanquished Creatures
  An orc priest (D:3)
  5 adders
  An ooze (D:3)
  A leopard gecko (D:1)
  3 orcs (D:3)
  3 goblins
  2 hobgoblins (D:2)
  3 jackals (D:2)
  2 quokkas (D:2)
  9 kobolds
  3 rats
33 creatures vanquished.

Notes
Turn   | Place    | Note
-------+----------+-------------------------------------------
     0 | D:1      | Tigers10182 the Demonspawn Wizard began the quest for the
                  | Orb.
     0 | D:1      | Reached XP level 1. HP: 13/13 MP: 4/4
   643 | D:2      | Gained mutation: You have a somewhat thin skeletal
                  | structure. (Dex +2, Stealth) [demonic ancestry]
   643 | D:2      | Reached XP level 2. HP: 3/19 MP: 6/6
  1128 | D:2      | Gained mutation: You have a pair of small horns on your
                  | head. [demonic ancestry]
  1128 | D:2      | Reached XP level 3. HP: 8/24 MP: 0/8
  1152 | D:2      | HP: 1/24 [poisoned by an adder]
  2032 | D:2      | Learned a level 2 spell: Blink
  2035 | D:2      | Learned a level 2 spell: Call Imp
  2282 | D:2      | Reached skill level 1 in Short Blades
  2756 | D:3      | Reached XP level 4. HP: 30/31 MP: 9/9
  2799 | D:3      | Slain by an orc

Illustrated notes

Levels and vault maps discovered:
D:1:      dpeg_arrival_boxorama, layout_basic
D:2:      layout_loops_ring
D:3:      layout_basic, marbit_many_paths, uniq_sigmund

Skill      XL: |  1  2  3 |
---------------+----------+-----
Stealth        | 2 |  2.5
Dodging        | 2 |  2.2
Short Blades   | 1 |  1.5
Fighting       | |  0.8
Spellcasting   | |  3.6
Conjurations   | |  1.5
Summonings     | |  1.0
Translocations | |  0.9

Action                   |  1- 3 |  4- 6 || total
-------------------------+-------+-------++-------
Melee: Short sword       |    91 |    15 ||   106
       Unarmed           |     7 |       ||     7
       Headbutt          |     4 |     1 ||     5
 Cast: Magic Dart        |    53 |     3 ||    56
       Blink             |     1 |     1 ||     2
       Call Imp          |       |     1 ||     1
  Use: Potion            |     2 |       ||     2
       Scroll            |     4 |       ||     4
 Stab: Invisible         |     2 |       ||     2
       Sleeping          |     3 |       ||     3
  Eat: Chunk             |     2 |       ||     2
       Ration            |     1 |       ||     1
Armor: Skin              |    20 |       ||    20
       Robe              |    35 |     2 ||    37
Dodge: Dodged            |    86 |     7 ||    93
